 Dungeon Crawl Stone Soup version 0.31.0-11-ge490571c62 (webtiles) character file.

Game seed: 9652893526341887628

8 Silvore the Trooper (level 2, 0/24 HPs)
             Began as a Demonspawn Fighter on Feb 8, 2024.
             Slain by a rat (1 damage)
             ... on level 1 of the Dungeon.
             The game lasted 00:00:36 (401 turns).

Silvore the Trooper (Demonspawn Fighter)             Turns: 401, Time: 00:00:36

Health: 0/24       AC:  6    Str: 16    XL:     2   Next: 0%
Magic:  2/2        EV:  7    Int:  8    God:
Gold:   34         SH:  8    Dex: 12    Spells: 1/1 levels left

rFire   . . .        a - +0 long sword
rCold   . . .        i - +0 kite shield
rNeg    . . .        b - +0 scale mail
rPois   .            (no helmet)
rElec   .            (no cloak)
rCorr   .            (no gloves)
SInv    .            (no boots)
Will    .....        (no amulet) Stlth
                     (no ring)
HPRegen 0.24/turn    (no ring)
MPRegen 0.08/turn

%: no passive effects
@: no status effects
A: demonic magic 1
a: no special abilities


You were on level 1 of the Dungeon.
You visited 1 branch of the dungeon, and saw 1 of its levels.

You collected 34 gold pieces.

Inventory:

Hand Weapons
 a - a +0 long sword (weapon)
Armour
 b - a +0 scale mail (worn)
 c - a +0 buckler
 i - a +0 kite shield (worn)
Scrolls
 e - a scroll of identify {unknown}
 j - a scroll of teleportation {unknown}
Potions
 d - a potion of might
 f - a potion of lignification {unknown}
 g - 2 potions of heal wounds {unknown}
 h - a potion of cancellation {unknown}


   Skills:
 + Level 3.1 Fighting
 + Level 1.9 Long Blades
 + Level 2.8 Armour
 + Level 2.8 Shields


You had one spell level left.
You didn't know any spells.
Your spell library contained the following spells:

 Spells                   Type           Power      Damage    Failure   Level
 Sublimation of Blood     Necr           0%         N/A       100%        2
 Petrify                  Alch/Erth      0%         N/A       100%        4
 Irradiate                Conj/Alch      0%         3d11      100%        5


Dungeon Overview and Level Annotations

Branches:
Dungeon (1/15)

Altars:


Innate Abilities, Weirdness & Mutations

Spells you cast may paralyse adjacent enemies.


Message History

The goblin hits you but does no damage.
The rat bites you but does no damage. x2; The goblin hits you with a +0 dagger.
The rat bites you. The rat barely misses you. You block the goblin's attack.
You block the rat's attack. x2; You block the goblin's attack.
The rat bites you but does no damage. The rat barely misses you.
The goblin hits you with a +0 dagger.
* * * LOW HITPOINT WARNING * * *
The rat barely misses you. You block the rat's attack.
The goblin hits you with a +0 dagger.
* * * LOW HITPOINT WARNING * * *
The rat closely misses you. You block the rat's attack.
You block the goblin's attack. You block the rat's attack.
The rat bites you but does no damage. You block the goblin's attack.
The rat barely misses you. The rat bites you but does no damage.
You block the goblin's attack.
The rat bites you but does no damage. x2
The goblin hits you but does no damage. You block the rat's attack.
The rat barely misses you. The goblin barely misses you.
The rat bites you but does no damage. x2
The goblin hits you but does no damage. The rat bites you.
* * * LOW HITPOINT WARNING * * *
The rat bites you but does no damage. The goblin hits you but does no damage.
The rat barely misses you. You block the rat's attack.
The goblin hits you but does no damage.
The rat bites you but does no damage. x2; You block the goblin's attack.
You block the rat's attack. x2; You block the goblin's attack.
The rat bites you.
* * * LOW HITPOINT WARNING * * *
You block the rat's attack. The goblin barely misses you.
The rat barely misses you. You block the rat's attack.
The goblin hits you with a +0 dagger.
* * * LOW HITPOINT WARNING * * *
You block the rat's attack. The rat bites you but does no damage.
The goblin hits you with a +0 dagger.
* * * LOW HITPOINT WARNING * * *
The rat bites you.
You die...

#..## #..#### .. ......#
.# #.#...# .# #
#.##..### .#.#
#.###...## ##.#.####
#.#####..# #........
#..#############.r......
##.##...........@r......
#....##########.g......
###### #........
#........ #########


You could see a goblin and 2 rats.

Vanquished Creatures
  2 endoplasms (D:1)
  2 hobgoblins (D:1)
  A quokka (D:1)
  A bat (D:1)
  A frilled lizard (D:1)
7 creatures vanquished.

Notes
Turn   | Place    | Note
-------+----------+-------------------------------------------
     0 | D:1      | Silvore the Demonspawn Fighter began the quest for the Orb.
     0 | D:1      | Reached XP level 1. HP: 18/18 MP: 1/1
   291 | D:1      | Gained mutation: Spells you cast may paralyse adjacent
                  | enemies. [demonic ancestry]
   291 | D:1      | Reached XP level 2. HP: 21/24 MP: 2/2
   400 | D:1      | HP: 1/24 [goblin/+0 dagger (2)]
   401 | D:1      | Slain by a rat

Illustrated notes

Levels and vault maps discovered:
D:1:      minmay_arrival_three_doors, layout_rooms

Action                     || total
---------------------------++-------
  Melee: Long sword        ||    15
    Use: Scroll            ||     1
 Armour: Scale mail        ||    65
  Dodge: Dodged            ||    25
  Block: Kite shield       ||    40
         Buckler           ||     3
